 Dungeon Crawl Stone Soup version 0.17-a0-1831-gaadb308 (webtiles) character file.

24 luca467 the Grave Robber (level 2, -2/19 HPs)
             Began as a Mummy Necromancer on Sept 14, 2015.
             Slain by an adder (3 damage)
             ... on level 1 of the Dungeon.
             The game lasted 00:12:51 (1469 turns).

luca467 the Grave Robber (Mummy Necromancer)        Turns: 1469, Time: 00:12:51

Health: -2/19      AC:  2    Str: 11    XL:     2   Next: 79%
Magic:  1/5        EV: 12    Int: 14    God:
Gold:   79         SH:  0    Dex: 12    Spells: 2 memorised, 3 levels left

rFire  x . .     SeeInvis .     (no weapon)
rCold  + . .     Clarity  .     f - +0 robe
rNeg   + + +     SustAt   .     (no shield)
rPois  ∞         Gourm    .     (no helmet)
rElec  .         Spirit   .     (no cloak)
rCorr  .         Warding  .     (no gloves)
rMut   .         Stasis   .     (no boots)
MR     .....                    (no amulet)
Stlth  ++........               (no ring)
                                (no ring)

@: very slightly contaminated, not resistant to hostile enchantments, unstealthy
A: no food or potions, fire vulnerability, cold resistance 1, negative energy
resistance 3, torment resistance, unbreathing
a: no special abilities


You were on level 1 of the Dungeon.
You were not hungry.

You visited 1 branch of the dungeon, and saw 2 of its levels.

You collected 79 gold pieces.

Inventory:

Armour
 a - a +0 robe
 f - a +0 robe (worn)
Jewellery
 c - an uncursed ring of flight {unknown}
Scrolls
 d - a scroll of recharging {unknown}
 e - 2 scrolls of immolation {unknown}
 g - a scroll of enchant weapon {unknown}
 i - a scroll of random uselessness {unknown}
 j - a scroll of remove curse {unknown}
Books
 b - a book of Necromancy

   Spells                             Type                      Level
   a - Pain                           Necromancy                   1
   b - Animate Skeleton               Necromancy                   1
   c - Vampiric Draining              Necromancy                   3
   d - Regeneration                   Charms/Necromancy            3
   e - Animate Dead                   Necromancy                   4
   f - Control Undead                 Necromancy                   4
Miscellaneous
 h - a plain deck of summoning {drawn: 3}


   Skills:
 + Level 2.0 Dodging
 + Level 2.0 Stealth
 + Level 2.1 Spellcasting
 + Level 4.2 Necromancy


You had 3 spell levels left.
You knew the following spells:

 Your Spells              Type           Power        Failure   Level  Hunger
a - Pain                  Necr           ##..         4%          1    N/A
b - Animate Skeleton      Necr           N/A          4%          1    N/A

Dungeon Overview and Level Annotations

Branches:
Dungeon (2/15)

Altars:
Nemelex Xobeh


Innate Abilities, Weirdness & Mutations

You do not eat or drink.
Your flesh is vulnerable to fire.
You are immune to poison.
Your flesh is cold resistant.
You are immune to negative energy.
You are immune to unholy pain and torment.
You can survive without breathing.


Message History

The adder bites you.
* * * LOW HITPOINT WARNING * * *
You can't go up here!
Sorry, you're not good enough to have a special ability.
Casting: Pain
Confirm with . or Enter, or press ? or * to list all spells.
Aiming: Pain
Press: ? - help, Shift-Dir - straight line, f - adder
Aim: an adder (chance to defeat MR: 77%)
The adder convulses in agony!
The adder bites you.
* * * LOW HITPOINT WARNING * * *
Casting: Pain
Confirm with . or Enter, or press ? or * to list all spells.
Aiming: Pain
Press: ? - help, Shift-Dir - straight line, f/p - adder
Aim: an adder (lightly wounded, chance to defeat MR: 77%)
You miscast Pain.
You are very lightly contaminated with residual magic.
Nothing appears to happen.
The adder bites you.
You die...

#.### #...#.###......>.....#
#...# ###.........########.#
###.######..........########..
#...........#####..........#
#..###.#....# #...#!#....#
#..# #.##.#.### ##.####...##
#..# #.##.....# ### #..## #..#
#.##.#S#.##### ##...## #..#
#.....@......####.....# ###..#
####.#.#.####[##.......
##....# #............##...###.
#.....# #...########.#....# #.
#.....# #...# ##.....####.
#.....# #...### #.####.###..
##.)g## #.....# #.####..##..
##..# #.#.#.# #..##...##..
#..#####.#.#.# #...###....#


You could see an adder.

Vanquished Creatures
  A ball python (D:1)
  3 bats
  A giant cockroach (D:1)
  3 hobgoblins (D:1)
  5 giant newts
  2 jackals (D:1)
  4 kobolds
  7 rats
26 creatures vanquished.

Vanquished Creatures (collateral kills)
  A kobold (D:1)
1 creature vanquished.

Grand Total: 27 creatures vanquished

Notes
Turn   | Place    | Note
--------------------------------------------------------------
     0 | D:1      | luca467 the Mummy Necromancer began the quest for the Orb.
     0 | D:1      | Reached XP level 1. HP: 13/13 MP: 3/3
    12 | D:1      | Learned a level 1 spell: Animate Skeleton
   562 | D:1      | Reached XP level 2. HP: 19/19 MP: 1/5
  1319 | D:2      | Found a sparkling altar of Nemelex Xobeh.
  1469 | D:1      | Slain by an adder

Vault maps used:
D:1:      dpeg_arrival_arbitrary_b
D:2:      grunt_decor_cap, nemelex_deck, uniq_crazy_yiuf_cottage

Action                   || total
-------------------------++-------
Melee: Unarmed           ||     4
 Cast: Pain              ||    52
       Animate Skeleton  ||     9
Evoke: Deck              ||     3
